 Dungeon Crawl Stone Soup version 0.21.0-3-g78d12a8 (webtiles) character file.

524 sankara the Chopper (level 7, 0/64 HPs)
             Began as a Deep Dwarf Fighter on Jan 17, 2018.
             Slain by a hobgoblin
             ... wielding a +0 scythe
              (6 damage)
             ... on level 4 of the Dungeon.
             The game lasted 00:09:18 (3061 turns).

sankara the Chopper (Deep Dwarf Fighter)            Turns: 3061, Time: 00:09:19

Health: 0/64       AC:  7    Str: 20      XL:     7   Next: 2%
Magic:  7/7        EV:  7    Int:  8      God:
Gold:   226        SH:  9    Dex: 13 (14) Spells: 6/6 levels left

rFire    . . .     SeeInvis .   a - +0 war axe
rCold    . . .     Gourm    .   c - +0 shield
rNeg     . . .     Faith    .   b - +0 scale mail
rPois    .         Spirit   .   (no helmet)
rElec    .         Reflect  .   (no cloak)
rCorr    .         Harm     .   (no gloves)
MR       +....                  (no boots)
Stlth    ..........             (no amulet)
HPRegen  0.00/turn              (no ring)
MPRegen  0.10/turn              (no ring)

@: non-regenerating
A: damage resistance, heal wounds, sense surroundings 1, no regeneration
a: Heal Wounds


You were on level 4 of the Dungeon.
You were not hungry.

You visited 1 branch of the dungeon, and saw 4 of its levels.

You collected 226 gold pieces.

Inventory:

Hand Weapons
 a - a +0 war axe (weapon)
Armour
 b - a +0 scale mail (worn)
 c - a +0 shield (worn)
Jewellery
 q - an uncursed ring of ice {unknown}
 s - an uncursed ring of protection from cold {unknown}
Wands
 p - a wand of enslavement (15)
Scrolls
 e - 2 scrolls of fog {unknown}
 h - 3 scrolls of remove curse {unknown}
 i - a scroll of amnesia {unknown}
 j - 3 scrolls of identify {unknown}
 k - a scroll of noise {unknown}
 l - a scroll of magic mapping {unknown}
 m - a scroll of fear {unknown}
 o - 3 scrolls of teleportation {unknown}
 r - 2 scrolls of enchant armour {unknown}
Potions
 n - a potion of resistance
Books
 t - a book of Misfortune

   Spells                             Type                      Level
   a - Confusing Touch                Hexes                        1
   b - Confuse                        Hexes                        3
   c - Gell's Gravitas                Translocation                3
   d - Petrify                        Transmutation/Earth          4
   e - Metabolic Englaciation         Hexes/Ice                    5
   f - Yara's Violent Unravelling     Hexes/Transmutation          5
Comestibles
 f - 7 rations
 g - 6 chunks of flesh


   Skills:
 + Level 4.2 Fighting
 * Level 6.2 Axes
 + Level 5.1 Armour
 - Level 3.2 Shields


You had 6 spell levels left.
You didn't know any spells.

Dungeon Overview and Level Annotations

Branches:
Dungeon (4/15)
 Temple: D:4-7

Altars:
Ashenzari
Wu Jian

Shops:
D:4 }

Annotations:
D:4 Nanban's ghost, novice DsFi


Innate Abilities, Weirdness & Mutations

You are resistant to damage.
You can heal yourself by infusing magical energy.
You passively map a small area around you.
You do not regenerate.


Message History

You kill the hobgoblin!
You block the hobgoblin's attack. The hobgoblin closely misses you.
A hobgoblin comes into view. It is wielding an enchanted scythe.
You slash the hobgoblin!
You kill the hobgoblin!
You block the hobgoblin's attack.
The hobgoblin hits you from afar with a scythe.
* * * LOW HITPOINT WARNING * * *
There is an open door here.
Items here: )))) [[[[ ††† You hit the hobgoblin.
The hobgoblin is moderately wounded.
You hit the hobgoblin. You block the hobgoblin's attack. x2
Some of the chunks of flesh in your inventory have rotted away.
You closely miss the hobgoblin.
The hobgoblin is moderately wounded.
You slash the hobgoblin!
You kill the hobgoblin!
The hobgoblin hits you with a scythe!
You die...

###.#####.###...#
#.##.# #.#
#.###...####.##.#
##.#
#.#.<.....##.##(.
#..#
#.#.S....>...####*
#.## ##.#.......####
##.#####..###...###
#........####...#
#..#####.#g.#..#####
#..# #..@).#......#
#..# #..#..##.###.#
#..# #..#####.# ,
### #..# #..# #.# *
,... #..# ##.## #.#
, ### #..# #..# #..
* #..###.#########**
, #............## *
, *
#.###.#####...####


You could see a hobgoblin.

Vanquished Creatures
  A black bear (D:4)
  The ghost of inmateoo the Shield-Bearer, an amateur MiFi (D:3)
  A scorpion (D:4)
  A bullfrog skeleton (D:4)
  2 orc wizards (D:4)
  An iguana (D:4)
  2 worker ants (D:4)
  6 adders
  A worm (D:3)
  A dart slug (D:1)
  5 leopard geckos
  9 orcs
  5 bats
  6 giant cockroaches
  6 goblins
  10 hobgoblins
  A quokka (D:2)
  5 frilled lizards
  10 kobolds
  3 rats
77 creatures vanquished.

Notes
Turn   | Place    | Note
-------+----------+-------------------------------------------
     0 | D:1      | sankara the Deep Dwarf Fighter began the quest for the Orb.
     0 | D:1      | Reached XP level 1. HP: 20/20 MP: 1/1
    39 | D:1      | Reached XP level 2. HP: 27/27 MP: 2/2
   255 | D:1      | Reached skill level 3 in Axes
   918 | D:2      | Reached XP level 3. HP: 27/34 MP: 3/3
  1037 | D:2      | Found an ornate altar of the Wu Jian Council.
  1899 | D:3      | Noticed inmateoo's ghost (amateur MiFi)
  1919 | D:3      | Killed inmateoo's ghost
  1919 | D:3      | Reached skill level 4 in Axes
  1919 | D:3      | Reached XP level 4. HP: 14/42 MP: 4/4
  1919 | D:3      | Reached XP level 5. HP: 16/49 MP: 5/5
  2696 | D:4      | Noticed Nanban's ghost (novice DsFi)
  2778 | D:4      | Found Miyxkusk's Gadget Emporium.
  2786 | D:4      | Noticed a black bear
  2792 | D:4      | Killed a black bear
  2792 | D:4      | Reached skill level 5 in Axes
  2792 | D:4      | Reached XP level 6. HP: 37/57 MP: 6/6
  2814 | D:4      | Reached skill level 5 in Armour
  2871 | D:4      | Found a shattered altar of Ashenzari.
  2890 | D:4      | HP: 2/57 [iguana (8)]
  2898 | D:4      | Reached skill level 6 in Axes
  3010 | D:4      | Reached XP level 7. HP: 6/64 MP: 7/7
  3061 | D:4      | Slain by a hobgoblin

Skill      XL: |  1  2  3  4  5  6 |
---------------+-------------------+-----
Axes           | 3 4 5 6 |  6.2
Fighting       | 3 4 |  4.2
Armour         | 4 5 |  5.1
Shields        | |  3.2

Action                   |  1- 3 |  4- 6 |  7- 9 || total
-------------------------+-------+-------+-------++-------
Melee: War axe           |   123 |   155 |     7 ||   285
 Abil: Heal Wounds       |       |     3 |     1 ||     4
  Use: Potion            |     3 |     5 |       ||     8
  Eat: Chunk             |     3 |     4 |       ||     7
Armor: Scale mail        |    54 |    52 |       ||   106
Dodge: Dodged            |    43 |    33 |     3 ||    79
Block: Shield            |    63 |    64 |     6 ||   133
